 Dungeon Crawl Stone Soup version 0.28-a0-773-g130ae17fe5 (webtiles) character file.

Game seed: 11136805087492660856

336 Conn the Firebug (level 6, -1/37 HPs)
             Began as an Octopode Fire Elementalist on Nov 2, 2021.
             Slain by a hound (4 damage)
             ... on level 4 of the Dungeon.
             The game lasted 00:07:44 (4554 turns).

Conn the Firebug (Octopode Fire Elementalist)       Turns: 4554, Time: 00:07:45

Health: -1/37      AC:  1    Str:  7    XL:     6   Next: 54%
Magic:  11/11      EV: 13    Int: 19    God:
Gold:   215        SH:  5    Dex: 13    Spells: 11/12 levels left

rFire   . . .      SeeInvis .   j - +1 dagger (freeze)
rCold   . . .      Faith    .   (no shield)
rNeg    . . .      Spirit   .   (helmet restricted)
rPois   .          Reflect  +   l - amulet of reflection
rElec   .          Harm     .   (no ring)
rCorr   .          Rampage  .   (no ring)
Will    .....                   (no ring)
Stlth   +++.......              (no ring)
HPRegen 0.12/turn               (no ring)
MPRegen 0.12/turn               (no ring)
                                (no ring)
                                (no ring)

@: mighty, flying
A: almost no armour, amphibious, 8 rings, camouflage 1, gelatinous body 1,
(nimble swimmer 1), tentacles
a: no special abilities


You were on level 4 of the Dungeon.
You visited 1 branch of the dungeon, and saw 4 of its levels.

You collected 215 gold pieces.

Inventory:

Hand Weapons
 b - a +0 dagger
 j - a +1 dagger of freezing (weapon)
Jewellery
 l - an amulet of reflection (around mantle)
Scrolls
 a - 2 scrolls of enchant weapon {unknown}
 c - 2 scrolls of teleportation {unknown}
 e - 3 scrolls of blinking {unknown}
 f - 2 scrolls of amnesia {unknown}
 h - a scroll of holy word {unknown}
 k - a scroll of enchant armour {unknown}
 r - a scroll of identify {unknown}
Potions
 d - a potion of ambrosia {unknown}
 g - a potion of mutation {unknown}
 i - a potion of curing {unknown}
 m - a potion of degeneration {unknown}
 q - a potion of heal wounds {unknown}


   Skills:
 + Level 0.8 Fighting
 + Level 1.3 Short Blades
 + Level 2.9 Dodging
 + Level 3.9 Stealth
 + Level 0.2 Shields
 + Level 3.6 Spellcasting
 + Level 2.5 Conjurations
 + Level 4.3 Fire Magic


You had 11 spell levels left.
You knew the following spells:

 Your Spells              Type           Power      Damage    Failure   Level
a - Foxfire               Conj/Fire      64%        2x1d7     3%          1

Your spell library contained the following spells:

 Spells                   Type           Power      Damage    Failure   Level
 Scorch                   Fire           38%        2d6       3%          2
 Conjure Flame            Conj/Fire      16%        6-21      11%         3
 Static Discharge         Conj/Air       8%         N/A       13%         2
 Animate Skeleton         Necr           6%         N/A       14%         1
 Apportation              Tloc           6%         N/A       14%         1
 Summon Small Mammal      Summ           12%        N/A       14%         1
 Inner Flame              Hex/Fire       11%        N/A       19%         3
 Flame Wave               Conj/Fire      16%        3d5       34%         4
 Iskenderun's Battlesphe  Conj           12%        2d7       82%         5
 Lightning Bolt           Conj/Air       4%         1d15      94%         5
 Iron Shot                Conj/Erth      4%         9d2       100%        6
 Spellforged Servitor     Conj/Summ      4%         N/A       100%        7
 Maxwell's Capacitive Co  Air            1%         ∞         100%        8


Dungeon Overview and Level Annotations

Branches:
Dungeon (4/15)
 Temple: D:4-7

Altars:
Ru
Xom


Innate Abilities, Weirdness & Mutations

You cannot wear most types of armour.
You are amphibious.
You can wear up to eight rings at the same time.
Your skin changes colour to match your surroundings (Stealth+).
Your rubbery body absorbs attacks. (AC +1, EV +1)
((You are camouflaged near water. (Stealth+)))
You have tentacles for arms and can constrict up to eight enemies at once.


Message History

The hound barely misses you. The hound closely misses you.
Unknown command.
Okay, then.
Unknown command.
Throw: 2 throwing nets
Press: ? - help, Q - select action, (/) - cycle Shift-Dir - straight line, f - hound
Aim: a hound (heavily wounded, 43% to hit)
You throw a throwing net.
The throwing net closely misses the hound.
The throwing net barely misses the goblin.
The hound bites you.
* * * LOW HITPOINT WARNING * * *
Throw: throwing net
Press: ? - help, Q - select action, (/) - cycle Shift-Dir - straight line, f/p - hound
Aim: a hound (heavily wounded, 43% to hit)
Okay, then.
Unknown command.
Unknown command.
Throw: throwing net
Press: ? - help, Q - select action, (/) - cycle Shift-Dir - straight line, f/p - hound
Aim: a hound (heavily wounded, 43% to hit)
You throw a throwing net.
The throwing net closely misses the hound.
You block the hound's attack. The hound bites you.
* * * LOW HITPOINT WARNING * * *
The goblin barely misses you.
Unknown command.
Unknown command.
Unknown command.
Unknown command.
Unknown command.
Unknown command.
It was a potion of flight.
You feel very buoyant.
You fly up into the air.
The hound closely misses you. The goblin misses you.
It was a potion of might.
You feel very mighty all of a sudden. The hound bites you.
You die...

####.# #.###.#.
####...#.†###.. #....#
#.#
#...#########......#..
#.#### #.#
.....................
..######.#.##..
###########.###..
...........# ..# #.#
#.. ..#...g.#### ..
#.# #.. .##.##### #.##
#.# ### .##.# # #.(#
#.# ###.# #. #@## #.#
#.# ####.##hg######
#.# #.#
#.............## #.#
#.#
#.....$.#####..###.# .
... .........#
##...#.# # ..#
##.......# ###.#.#
#......(# #.#.#
######### #.[.# #####


You could see a hound and a goblin.

Vanquished Creatures
  A centaur zombie (D:3)
  Jessica (D:3)
  An orc wizard (D:4)
  A hound skeleton (D:4)
  Robin (D:3)
  12 gnolls
  2 adders (D:2)
  A worm (D:4)
  2 dart slugs (D:1)
  5 orcs
  3 bats
  7 endoplasms
  2 giant cockroaches
  8 goblins
  13 hobgoblins
  6 jackals
  4 quokkas
  3 ball pythons (D:2)
  A frilled lizard (D:3)
  5 kobolds
  6 rats
85 creatures vanquished.

Vanquished Creatures (others)
  242 foxfires
242 creatures vanquished.

Grand Total: 327 creatures vanquished

Notes
Turn   | Place    | Note
-------+----------+-------------------------------------------
     0 | D:1      | Conn the Octopode Fire Elementalist began the quest for the
                  | Orb.
     0 | D:1      | Reached XP level 1. HP: 11/11 MP: 3/3
   460 | D:1      | Reached XP level 2. HP: 13/17 MP: 5/5
  1244 | D:1      | Reached XP level 3. HP: 20/21 MP: 6/6
  1511 | D:2      | Found a shimmering altar of Xom.
  1666 | D:2      | Reached XP level 4. HP: 27/27 MP: 0/7
  1750 | D:2      | Reached skill level 1 in Short Blades
  2135 | D:3      | Noticed Robin
  2769 | D:3      | Found a sacrificial altar of Ru.
  2880 | D:3      | Reached XP level 5. HP: 31/31 MP: 5/9
  2959 | D:3      | Noticed Jessica
  2965 | D:3      | Killed Jessica
  3212 | D:3      | Reached skill level 4 in Fire Magic
  3406 | D:3      | Killed Robin
  3954 | D:4      | Reached XP level 6. HP: 26/37 MP: 1/11
  4554 | D:4      | Slain by a hound

Illustrated notes

Levels and vault maps discovered:
D:1:      erik_arrival_cave_to_civilisation [erik_arrival_cave_to_hall],
          layout_basic
D:2:      layout_basic, basic_altar, minmay_cut_off
D:3:      layout_basic, lemuel_doored_altar, uniq_jessica, uniq_robin
D:4:      layout_rooms, zin_purify

Skill      XL: |  1  2  3  4  5 |
---------------+----------------+-----
Stealth        | 3 |  3.9
Short Blades   | 1 |  1.3
Spellcasting   | 3 |  3.6
Fire Magic     | 4 |  4.3
Conjurations   | 2 |  2.5
Fighting       | |  0.8
Dodging        | |  2.9
Shields        | |  0.2

Action                   |  1- 3 |  4- 6 || total
-------------------------+-------+-------++-------
Melee: Dagger            |    25 |    70 ||    95
       Constrict         |     6 |    17 ||    23
       Tentacles         |     2 |    15 ||    17
Throw: Throwing net      |       |     2 ||     2
 Cast: Foxfire           |    44 |    95 ||   139
  Use: Potion            |       |     2 ||     2
 Stab: Sleeping          |     3 |     4 ||     7
Armor: Skin              |     3 |     1 ||     4
Dodge: Dodged            |    17 |    94 ||   111
Block: Other             |       |    12 ||    12

Table legend: (Time is in decaauts)
 A = Elapsed time spent in this place.
 B = Non-inter-level travel time spent in this place.
 C = Inter-level travel time spent in this place.
 D = Time resting spent in this place.
 E = Time spent auto-exploring this place.
 F = Levels seen in this place.
 G = Mean time per level.
                   A        B        C        D        E       F      G
               +--------+--------+--------+--------+--------+-----+--------+
         Total |   4551 |   4506 |     45 |    539 |   3089 |   4 | 1137.8 |
       Dungeon |   4551 |   4506 |     45 |    539 |   3089 |   4 | 1137.8 |
               +--------+--------+--------+--------+--------+-----+--------+

Top non-repeatable levels by time:
     D:1: 1411 daAuts
     D:3: 1365 daAuts
     D:2: 1234 daAuts
     D:4: 539 daAuts
